 Dungeon Crawl Stone Soup version 0.27.1-33-g824d729ab1 (webtiles) character file.

Game seed: 12637784519287658665

77 zeram the Firebug (level 4, -7/24 HPs)
             Began as a Deep Elf Fire Elementalist on Dec 4, 2021.
             Killed from afar by an orc wizard (11 damage)
             ... with a magic dart
             ... on level 3 of the Dungeon.
             The game lasted 00:05:54 (2547 turns).

zeram the Firebug (Deep Elf Fire Elementalist)      Turns: 2547, Time: 00:05:55

Health: -7/24      AC:  2    Str:  5    XL:     4   Next: 13%
Magic:  6/12       EV: 13    Int: 21    God:
Gold:   68         SH:  0    Dex: 15    Spells: 7/11 levels left

rFire    + . .     SeeInvis .   c - +0 dagger
rCold    . . .     Faith    .   (no shield)
rNeg     . . .     Spirit   .   a - +0 robe
rPois    .         Reflect  .   (no helmet)
rElec    .         Harm     .   (no cloak)
rCorr    .         Rampage  .   (no gloves)
Will     .....                  (no boots)
Stlth    +.........             (no amulet)
HPRegen  0.08/turn              h - ring of protection from fire
MPRegen  0.13/turn              (no ring)

@: confused
A: no striking features
a: no special abilities


You were on level 3 of the Dungeon.
You visited 1 branch of the dungeon, and saw 3 of its levels.

You collected 68 gold pieces.

Inventory:

Hand Weapons
 c - a +0 dagger (weapon)
Armour
 a - a +0 robe (worn)
Jewellery
 h - a ring of protection from fire (left hand)
 j - a ring of ice
Scrolls
 i - a scroll of teleportation
Potions
 b - a potion of heal wounds
 d - a potion of cancellation
 e - a potion of flight
 f - a potion of attraction
 g - 2 potions of curing


   Skills:
 + Level 2.8 Dodging
 - Level 2.4 Stealth
 + Level 4.1 Spellcasting
 + Level 1.7 Conjurations
 + Level 4.5 Fire Magic


You had 7 spell levels left.
You knew the following spells:

 Your Spells              Type           Power      Damage    Failure   Level
a - Foxfire               Conj/Fire      68%        2x1d7     3%          1
b - Vampiric Draining     Necr           2%         2d6       34%         3

Your spell library contained the following spells:

 Spells                   Type           Power      Damage    Failure   Level
 Conjure Flame            Conj/Fire      17%        6-21      10%         3
 Inner Flame              Hex/Fire       13%        N/A       14%         3
 Slow                     Hex            4%         N/A       19%         2
 Stone Arrow              Conj/Erth      14%        3d7       26%         3
 Sticky Flame             Conj/Fire      17%        2d4       32%         4
 Confusing Touch          Hex            4%         N/A       34%         3
 Fireball                 Conj/Fire      8%         3d6       67%         5
 Animate Armour           Summ/Erth      8%         N/A       75%         4
 Lehudib's Crystal Spear  Conj/Erth      3%         10d3      100%        8


Dungeon Overview and Level Annotations

Branches:
Dungeon (3/15)

Altars:
Qazlal


Message History

Confirm with . or Enter, or press ? or * to list all spells.
You conjure some foxfire!
The quokka bites you.
The foxfire hits the quokka.
You kill the quokka!
The foxfire hits the orc.
The orc is heavily wounded.
The foxfire hits the orc.
The orc is almost dead.
You hit the orc but do no damage.
The orc is almost dead.
The orc closely misses you.
Casting: Foxfire (safe; 3% risk of failure)
Confirm with . or Enter, or press ? or * to list all spells.
You conjure some foxfire!
The orc hits you with a +0 whip.
You hit the orc.
You kill the orc!
The foxfire hits something but does no damage.
The foxfire hits something!
Casting: Foxfire (safe; 3% risk of failure)
Confirm with . or Enter, or press ? or * to list all spells.
You conjure some foxfire!
Something hits you but does no damage.
Casting: Foxfire (safe; 3% risk of failure)
Confirm with . or Enter, or press ? or * to list all spells.
Nothing appears to happen.
The foxfire hits something. x2; Something hits you.
Casting: Foxfire (safe; 3% risk of failure)
Confirm with . or Enter, or press ? or * to list all spells.
You conjure some foxfire!
The orc barely misses you. Something hits you.
You hit the orc.
The orc is lightly wounded.
The foxfire hits something.
The orc hits you with a +0 flail.
* * * LOW HITPOINT WARNING * * *
You hear some strange, mumbled words.
You are confused.
Unknown command.
You bump into the rock wall.
The orc hits you with a +0 flail.
* * * LOW HITPOINT WARNING * * *
You hear some strange, mumbled words.
A magic dart appears from out of thin air!
The magic dart hits you!
You die...

## .#.#.#.#..#
#..###.#.# ##
........).# #..# #.#.#
.# .#.#.#.#.# #..#
#.#.# .# .........#
#..# #.#.# .# #
.#.#.#.#.# #... #.#.#
.#.# .........######>#
#.#.## .#.#
.#.#.#.#......<.#
#.#..# .#.#
........{o.##### #.##.#
.#.# #####.##@#.#
#..#.# .#.# #.
###.#########.#.## .# #
.# #.................
.#
##################.####
## #..#.#....# #.#
##.#.#.##.# #.##
#.#.#.##.# ######..#
#.#.#.##.# #.......#
#.#.#.##.###.#####.#


You could see an orc.

Vanquished Creatures
  2 adders (D:2)
  A worm (D:2)
  A dart slug (D:1)
  6 orcs (D:3)
  3 ball pythons
  4 bats
  4 endoplasms
  3 giant cockroaches
  6 goblins
  2 hobgoblins
  2 jackals (D:1)
  3 kobolds (D:2)
  2 quokkas
  2 frilled lizards
  2 rats
43 creatures vanquished.

Vanquished Creatures (others)
  128 foxfires
128 creatures vanquished.

Grand Total: 171 creatures vanquished

Notes
Turn   | Place    | Note
-------+----------+-------------------------------------------
     0 | D:1      | zeram the Deep Elf Fire Elementalist began the quest for
                  | the Orb.
     0 | D:1      | Reached XP level 1. HP: 10/10 MP: 6/6
   381 | D:1      | Reached XP level 2. HP: 15/15 MP: 5/8
   639 | D:1      | Found a faded altar of an unknown god.
  1101 | D:2      | Reached XP level 3. HP: 18/19 MP: 7/10
  1975 | D:3      | Reached XP level 4. HP: 13/24 MP: 0/12
  2075 | D:3      | Learned a level 3 spell: Vampiric Draining
  2208 | D:3      | Found a stormy altar of Qazlal.
  2547 | D:3      | Killed from afar by an orc wizard

Illustrated notes

Levels and vault maps discovered:
D:1:      minmay_arrival_open_corners, layout_loops_ring,
          hellmonk_ecumenical_altar_heavens_door, hex_tiny
D:2:      layout_basic, hangedman_decor_push, minmay_pentomino_w4
D:3:      layout_basic, mainiacjoe_overflow_catwalk, serial_co_window_serial,
          co_window_of_opportunity_a, co_window_paths_b, co_window_paths_b,
          co_window_of_opportunity_a, co_window_paths_b, co_window_corner_a,
          co_window_broadway_c, co_window_of_opportunity_b, co_window_paths_c,
          co_window_broadway_c, co_window_unsneaky_path_b,
          co_window_of_opportunity_c, glass_columns_b, glass_columns_c

Skill      XL: |  1  2  3 |
---------------+----------+-----
Fire Magic     | 4 |  4.5
Spellcasting   | 4 |  4.1
Dodging        | |  2.8
Stealth        | |  2.4
Conjurations   | |  1.7

Action                   |  1- 3 |  4- 6 || total
-------------------------+-------+-------++-------
Melee: Unarmed           |     4 |       ||     4
       Dagger            |     9 |     3 ||    12
 Cast: Foxfire           |    82 |     9 ||    91
  Use: Scroll            |     7 |     1 ||     8
 Stab: Sleeping          |     1 |       ||     1
Armor: Robe              |     2 |     1 ||     3
Dodge: Dodged            |    14 |     4 ||    18
